Map: Deathaura LE

Players

Napalm - Winner!

  • Race: Zerg Zerg
  • League: Master
  • Spawn Location: 5:00

Sinon

  • Race: Terran Terran
  • League: Master
  • Spawn Location: 11:00

VOD

Have the link to the VOD?

Description

Time

  • Played on: Aug. 8, 2020, 9:26 p.m.
  • Length: 2:38
Show
View Real Time Build Order
Export as new Build Order

Napalm Zerg - Winner!

Build Orders: Hatch First 

Get SALT Encoding   

  12  0:00  Drone  
  13  0:12  Overlord  
  13  0:16  Drone  
  14  0:22  Extractor  
  14  0:23  Drone  
  15  0:32  Drone  
  15  0:34  Drone  
  17  0:53  Hatchery  
  16  1:06  Spawning Pool  
  16  1:08  Drone  
  16  1:12  Drone  
  16  1:16  Extractor  
  16  1:17  Drone  
  17  1:20  Drone  
  18  1:30  Drone  
  19  1:41  Overlord  
  19  1:53  Queen  
  21  1:55  Zergling x2  
  22  2:04  Zergling x2  
  22  2:07  Drone  
  26  2:23  Drone x2  
Show
View Real Time Build Order
Export as new Build Order

Sinon Terran 

Build Orders:  

Get SALT Encoding   

  12  0:00  SCV  
  13  0:13  SCV  
  14  0:17  Supply Depot  
  14  0:25  SCV  
  15  0:38  SCV  
  15  0:40  Barracks  
  16  0:46  Refinery  
  16  0:50  SCV  
  17  1:02  SCV  
  18  1:15  SCV  
  19  1:27  Marine  
  19  1:28  Orbital Command  
  20  1:40  Command Center  
  20  1:54  SCV  
  20  1:59  Factory  
  21  2:06  SCV  
  22  2:10  Refinery  
  22  2:20  SCV  
Tags
 
Matchup
TvZ
Spawn Locations
Cross Positions
Add a new tag
Caveats
  • Supply blocks, unpowered buildings, or Contaminate may cause inaccurate times.
  • Supply counts are checked every 10 seconds.